Map: Frost LE

Players

IIIIIIIIIIII (State)

  • Race: Protoss Protoss
  • League: Grandmaster

AsWell - Winner!

  • Race: Protoss Protoss
  • League: Grandmaster

VOD

Have the link to the VOD?

Description

Time

  • Played on: Aug. 4, 2016, 3:07 a.m.
  • Length: 9:12
Show
View Real Time Build Order
Export as new Build Order

IIIIIIIIIIII Protoss 

Build Orders:  

Get SALT Encoding   

  12  0:01  Probe (Chrono Boost)  
  13  0:11  Probe (Chrono Boost)  
  14  0:17  Pylon  
  14  0:22  Probe (Chrono Boost)  
  16  0:35  Probe (Chrono Boost)  
  16  0:36  Gateway  
  16  0:43  Assimilator  
  16  0:47  Probe (Chrono Boost)  
  17  0:51  Assimilator  
  17  0:58  Probe (Chrono Boost)  
  17  1:04  Gateway  
  18  1:08  Probe (Chrono Boost)  
  19  1:19  Probe (Chrono Boost)  
  19  1:23  Cybernetics Core  
  20  1:29  Probe (Chrono Boost)  
  21  1:33  Pylon  
  21  1:40  Probe (Chrono Boost)  
  21  1:45  Warp Gate  
  22  1:51  Probe (Chrono Boost)  
  23  1:59  Stalker x2  
  27  2:04  Probe (Chrono Boost)  
  28  2:09  Pylon  
  28  2:19  Mothership Core (Chrono Boost)  
  30  2:33  Stalker x2  
  34  2:40  Pylon  
  34  3:05  Nexus  
  34  3:09  Probe (Chrono Boost)  
  35  3:14  Sentry  
  35  3:15  Sentry  
  39  3:22  Probe (Chrono Boost)  
  40  3:31  Robotics Facility  
  40  3:36  Probe (Chrono Boost)  
  41  3:46  Probe (Chrono Boost)  
  42  3:53  Pylon  
  42  3:57  Probe (Chrono Boost)  
  42  3:58  Sentry  
  42  3:59  Zealot  
  47  4:13  Probe (Chrono Boost)  
  47  4:14  Immortal  
  48  4:18  Probe (Chrono Boost)  
  54  4:25  Probe (Chrono Boost)  
  54  4:31  Probe (Chrono Boost)  
  54  4:34  Twilight Council  
  54  4:37  Probe (Chrono Boost)  
  55  4:49  Probe (Chrono Boost)  
  55  4:50  Stalker x2  
  55  4:51  Probe (Chrono Boost)  
  60  4:53  Observer  
  62  5:01  Probe (Chrono Boost)  
  62  5:02  Probe (Chrono Boost)  
  63  5:08  Gateway, Forge  
  63  5:13  Probe (Chrono Boost)  
  64  5:17  Probe (Chrono Boost)  
  64  5:19  Assimilator, Immortal  
  65  5:25  Probe (Chrono Boost)  
  70  5:31  Pylon  
  70  5:33  Pylon  
  70  5:45  Protoss Ground Weapons Level 1  
  70  5:46  Pylon  
  71  5:51  Probe (Chrono Boost), Pylon  
  71  5:53  Probe (Chrono Boost)  
  74  6:07  Nexus  
  73  6:15  Immortal  
  73  6:16  Pylon  
  72  6:29  Probe x2 (Chrono Boost)  
  74  6:34  Stargate  
  75  6:41  Probe x2 (Chrono Boost)  
  75  6:45  Charge  
  75  6:52  Assimilator  
  75  6:53  Assimilator, Probe x2 (Chrono Boost)  
  77  6:55  Stargate  
  77  6:57  Assimilator  
  77  7:05  Probe x2 (Chrono Boost)  
  77  7:07  Gateway x2  
  79  7:15  Gateway  
  80  7:16  Phoenix  
  80  7:17  Probe x2 (Chrono Boost)  
  80  7:18  Probe (Chrono Boost)  
  84  7:29  Probe x3 (Chrono Boost)  
  87  7:31  Immortal  
  91  7:39  Photon Cannon  
  91  7:40  Phoenix  
  91  7:41  Phoenix, Probe x2 (Chrono Boost)  
  95  7:46  Probe (Chrono Boost)  
  98  7:57  Gateway  
  98  8:05  Gateway  
  98  8:07  Gateway  
  98  8:08  Phoenix x2  
  98  8:09  Gateway  
  102  8:18  Zealot  
  102  8:19  Zealot x3  
  110  8:32  Phoenix x2  
  110  8:33  Zealot  
  110  8:34  Zealot  
  100  8:41  Zealot x2  
  100  8:42  Zealot  
  100  8:45  Zealot  
  78  9:00  Zealot x2  
  76  9:03  Zealot x4  
  76  9:04  Zealot  
Show
View Real Time Build Order
Export as new Build Order

AsWell Protoss - Winner!

Build Orders:  

Get SALT Encoding   

  12  0:00  Probe (Chrono Boost)  
  13  0:11  Probe (Chrono Boost)  
  14  0:19  Pylon  
  14  0:22  Probe (Chrono Boost)  
  15  0:37  Gateway, Probe (Chrono Boost)  
  16  0:44  Assimilator  
  16  0:48  Probe (Chrono Boost)  
  17  0:58  Probe (Chrono Boost)  
  17  1:00  Assimilator  
  18  1:09  Probe (Chrono Boost)  
  19  1:14  Gateway  
  19  1:19  Probe (Chrono Boost)  
  20  1:25  Cybernetics Core  
  20  1:30  Probe (Chrono Boost)  
  21  1:40  Probe (Chrono Boost)  
  21  1:41  Pylon  
  22  1:51  Warp Gate, Probe (Chrono Boost)  
  23  2:02  Stalker x2  
  29  2:18  Mothership Core (Chrono Boost)  
  29  2:20  Pylon  
  30  2:38  Probe (Chrono Boost)  
  30  2:39  Stalker x2  
  34  2:50  Probe (Chrono Boost)  
  35  3:08  Nexus  
  35  3:15  Stalker  
  35  3:19  Stalker  
  39  3:37  Pylon  
  39  3:43  Robotics Facility  
  39  3:55  Probe (Chrono Boost)  
  40  4:01  Stalker  
  42  4:03  Stalker  
  42  4:05  Probe (Chrono Boost)  
  45  4:16  Probe (Chrono Boost)  
  44  4:23  Probe (Chrono Boost)  
  45  4:29  Probe (Chrono Boost)  
  45  4:30  Robotics Bay  
  46  4:35  Warp Prism  
  46  4:36  Probe (Chrono Boost)  
  49  4:52  Probe (Chrono Boost)  
  51  4:53  Probe (Chrono Boost)  
  51  4:55  Pylon  
  51  4:57  Pylon  
  51  5:01  Sentry  
  51  5:03  Probe (Chrono Boost)  
  51  5:05  Probe (Chrono Boost)  
  55  5:12  Disruptor  
  55  5:13  Probe (Chrono Boost)  
  54  5:16  Gravitic Drive  
  54  5:21  Probe (Chrono Boost)  
  56  5:22  Assimilator  
  56  5:25  Probe (Chrono Boost)  
  57  5:33  Probe (Chrono Boost)  
  58  5:36  Twilight Council  
  58  5:37  Probe (Chrono Boost)  
  58  5:38  Gateway  
  59  5:45  Observer, Probe (Chrono Boost)  
  62  5:50  Pylon, Probe (Chrono Boost)  
  63  5:57  Probe (Chrono Boost)  
  63  6:02  Disruptor, Probe (Chrono Boost), Nexus  
  64  6:08  Blink  
  68  6:12  Probe (Chrono Boost)  
  68  6:23  Probe (Chrono Boost)  
  68  6:24  Probe (Chrono Boost)  
  70  6:29  Gateway  
  70  6:32  Gateway  
  70  6:34  Disruptor  
  70  6:37  Probe (Chrono Boost)  
  74  6:48  Adept  
  74  6:49  Probe (Chrono Boost)  
  77  6:54  Assimilator, Pylon  
  77  6:59  Pylon  
  77  7:02  Gateway  
  77  7:03  Gateway  
  77  7:08  Gateway, Pylon  
  77  7:10  Immortal  
  77  7:12  Probe (Chrono Boost)  
  82  7:29  Adept x3  
  89  7:30  Probe (Chrono Boost)  
  89  7:36  Probe x2 (Chrono Boost)  
  91  7:38  Gateway  
  91  7:42  Probe (Chrono Boost)  
  92  7:44  Adept  
  92  7:45  Adept  
  92  7:46  Immortal  
  92  7:47  Probe (Chrono Boost)  
  92  7:48  Probe (Chrono Boost)  
  98  7:55  Adept  
  98  7:57  Adept  
  106  8:00  Adept  
  106  8:04  Pylon  
  106  8:05  Adept  
  110  8:08  Probe (Chrono Boost)  
  110  8:10  Probe (Chrono Boost)  
  112  8:21  Adept x2  
  112  8:24  Probe (Chrono Boost)  
  112  8:26  Pylon  
  117  8:41  Adept x5  
  118  8:42  Adept  
  116  8:56  Stalker x2  
  120  9:03  Adept x6  
  120  9:07  Pylon  
  132  9:10  Pylon  
  132  9:12  Pylon  
Tags
 
Add a new tag
Caveats
  • Supply blocks, unpowered buildings, or Contaminate may cause inaccurate times.
  • Supply counts are checked every 10 seconds.